 Dungeon Crawl Stone Soup version 0.20.0-7-g3b7b877 (webtiles) character file.

16 IcyS the Firebug (level 2, 0/17 HPs)
             Began as an Octopode Fire Elementalist on May 28, 2017.
             Slain by a goblin (3 damage)
             ... on level 1 of the Dungeon.
             The game lasted 00:01:42 (306 turns).

IcyS the Firebug (Octopode Fire Elementalist)        Turns: 306, Time: 00:01:42

Health: 0/17       AC:  1    Str:  7    XL:     2   Next: 58%
Magic:  1/5        EV: 13    Int: 17    God:
Gold:   50         SH:  0    Dex: 12    Spells: 4/5 levels left

rFire    . . .     SeeInvis .   e - +0 dagger
rCold    . . .     Gourm    .   (no shield)
rNeg     . . .     Faith    .   (helmet restricted)
rPois    .         Spirit   .   (no amulet)
rElec    .         Reflect  .   (no ring)
rCorr    .         Harm     .   (no ring)
MR       .....                  (no ring)
Stlth    +++.......             (no ring)
Regen    0.1/turn               (no ring)
MPRegen  0.1/turn               (no ring)
                                (no ring)
                                (no ring)

@: no status effects
A: almost no armour, stealthy swim, amphibious, 8 rings, constrict 8, camouflage
1, gelatinous body 1
a: no special abilities


You were on level 1 of the Dungeon.
You were not hungry.

You visited 1 branch of the dungeon, and saw 1 of its levels.

You collected 50 gold pieces.

Inventory:

Hand Weapons
 e - a +0 dagger (weapon)
Jewellery
 c - an uncursed ring of ice
Scrolls
 f - a scroll of identify {unknown}
 g - a scroll of remove curse {unknown}
Books
 a - a book of Flames

   Spells                             Type                      Level
   a - Flame Tongue                   Conjuration/Fire             1
   b - Throw Flame                    Conjuration/Fire             2
   c - Conjure Flame                  Conjuration/Fire             3
   d - Inner Flame                    Hexes/Fire                   3
   e - Sticky Flame                   Conjuration/Fire             4
   f - Fireball                       Conjuration/Fire             5
Comestibles
 b - a bread ration
 d - 2 chunks of flesh


   Skills:
 - Level 2.0 Dodging
 - Level 3.0 Stealth
 + Level 2.1 Spellcasting
 * Level 1.8 Conjurations
 + Level 3.1 Fire Magic


You had 4 spell levels left.
You knew the following spells:

 Your Spells              Type           Power        Failure   Level  Hunger
a - Flame Tongue          Conj/Fire      ##...        7%          1    #......


Dungeon Overview and Level Annotations

Branches:
Dungeon (1/15)

Altars:


Innate Abilities, Weirdness & Mutations

You cannot wear most types of armour.
You are very stealthy in the water. (Stealth+)
You are amphibious.
You can wear up to eight rings at the same time.
You can use your tentacles to constrict eight enemies at once.
Your skin changes colour to match your surroundings (Stealth+).
Your rubbery body absorbs attacks. (AC +1, EV +1)


Message History

You miss the leopard gecko. Your grab misses the leopard gecko.
You squeeze the leopard gecko.
The leopard gecko is heavily wounded.
The leopard gecko bites you. The leopard gecko closely misses you.
You hit the leopard gecko. Your grab misses the leopard gecko.
The leopard gecko is severely wounded.
The leopard gecko closely misses you.
You hit the leopard gecko.
You kill the leopard gecko!
You closely miss the rat.
The goblin shouts!
You grab the rat. You constrict the rat. The rat bites you.
You barely miss the rat. You squeeze the rat.
You kill the rat!
A rat comes into view.
You barely miss the goblin. Your grab misses the goblin. The goblin hits you.
* * * LOW HITPOINT WARNING * * *
You closely miss the goblin. You grab the goblin. You constrict the goblin.
The goblin hits you.
You die...

..# ..# ..### .....
###.r.# #...#.##
####.#....#.# ##
#######.@g..†....g#
#.
........##...###..#.#
#. #######.##..##
#..#.#
#.######.......#..##
##..#.#
#........#####.#.g.
##...#.# #........#
#.##J..#....#.#.#
#........#
###.###r......#.#.#
#.#....#.# #....###.
#....#.# #........#
#.....######...##.#


You could see a goblin and a rat.

Vanquished Creatures
  An ooze (D:1)
  2 leopard geckos (D:1)
  A giant cockroach (D:1)
  A hobgoblin (D:1)
  2 bats (D:1)
  4 rats (D:1)
11 creatures vanquished.

Notes
Turn   | Place    | Note
-------+----------+-------------------------------------------
     0 | D:1      | IcyS the Octopode Fire Elementalist began the quest for the Orb.
     0 | D:1      | Reached XP level 1. HP: 11/11 MP: 3/3
   285 | D:1      | Reached XP level 2. HP: 16/17 MP: 0/5
   306 | D:1      | Slain by a goblin

Skill      XL: |  1 |
---------------+----+-----
Stealth        | 3 |  3.0
Dodging        | |  2.0
Spellcasting   | |  2.1
Conjurations   | |  1.8
Fire Magic     | |  3.1

Action                   || total
-------------------------++-------
Melee: Dagger            ||    30
       Constrict         ||     6
       Tentacles         ||     5
       Unarmed           ||     1
 Cast: Flame Tongue      ||     4
 Stab: Sleeping          ||     3
Armor: Skin              ||     1
Dodge: Dodged            ||    19
